Workbook

Sheet T12
A1: T12 operating statement template
A2: Property | B2: [name] | D2: Yellow cells are inputs. Type each month's figures from the broker's T12 in the order it arrived; totals, per-unit and % of EGI calculate.
A3: Units | B3: 120
A4: Period ending (last closed month) | B4: Sep 2026
A6: Line item | B6: Oct-25 | C6: Nov-25 | D6: Dec-25 | E6: Jan-26 | F6: Feb-26 | G6: Mar-26 | H6: Apr-26 | I6: May-26 | J6: Jun-26 | K6: Jul-26 | L6: Aug-26 | M6: Sep-26 | N6: Trailing 12 | O6: Per unit | P6: % of EGI
A7: INCOME
A8: Gross potential rent | B8: 180000 | C8: 180000 | D8: 180000 | E8: 180000 | F8: 180000 | G8: 180000 | H8: 180000 | I8: 180000 | J8: 180000 | K8: 180000 | L8: 180000 | M8: 180000 | N8: =SUM(B8:M8) | O8: =IF($B$3>0,N8/$B$3,0) | P8: =IF($N$19<>0,N8/$N$19,0)
A9: Vacancy loss | B9: -10800 | C9: -10800 | D9: -10800 | E9: -10800 | F9: -10800 | G9: -10800 | H9: -10800 | I9: -10800 | J9: -10800 | K9: -10800 | L9: -10800 | M9: -10800 | N9: =SUM(B9:M9) | O9: =IF($B$3>0,N9/$B$3,0) | P9: =IF($N$19<>0,N9/$N$19,0)
A10: Concessions | N10: =SUM(B10:M10) | O10: =IF($B$3>0,N10/$B$3,0) | P10: =IF($N$19<>0,N10/$N$19,0)
A11: Bad debt | N11: =SUM(B11:M11) | O11: =IF($B$3>0,N11/$B$3,0) | P11: =IF($N$19<>0,N11/$N$19,0)
A12: Other income: parking | N12: =SUM(B12:M12) | O12: =IF($B$3>0,N12/$B$3,0) | P12: =IF($N$19<>0,N12/$N$19,0)
A13: Other income: laundry | N13: =SUM(B13:M13) | O13: =IF($B$3>0,N13/$B$3,0) | P13: =IF($N$19<>0,N13/$N$19,0)
A14: Other income: pet fees | N14: =SUM(B14:M14) | O14: =IF($B$3>0,N14/$B$3,0) | P14: =IF($N$19<>0,N14/$N$19,0)
A15: Other income: late and application fees | N15: =SUM(B15:M15) | O15: =IF($B$3>0,N15/$B$3,0) | P15: =IF($N$19<>0,N15/$N$19,0)
A16: Other income: utility reimbursements (RUBS) | N16: =SUM(B16:M16) | O16: =IF($B$3>0,N16/$B$3,0) | P16: =IF($N$19<>0,N16/$N$19,0)
A17: Other income: storage | N17: =SUM(B17:M17) | O17: =IF($B$3>0,N17/$B$3,0) | P17: =IF($N$19<>0,N17/$N$19,0)
A18: Other income: other | B18: 8000 | C18: 8000 | D18: 8000 | E18: 8000 | F18: 8000 | G18: 8000 | H18: 8000 | I18: 8000 | J18: 8000 | K18: 8000 | L18: 8000 | M18: 8000 | N18: =SUM(B18:M18) | O18: =IF($B$3>0,N18/$B$3,0) | P18: =IF($N$19<>0,N18/$N$19,0)
A19: Effective gross income | B19: =SUM(B8:B18) | C19: =SUM(C8:C18) | D19: =SUM(D8:D18) | E19: =SUM(E8:E18) | F19: =SUM(F8:F18) | G19: =SUM(G8:G18) | H19: =SUM(H8:H18) | I19: =SUM(I8:I18) | ... N19: =SUM(N8:N18) | O19: =IF($B$3>0,N19/$B$3,0) | P19: =IF($N$19<>0,N19/$N$19,0)
A20: OPERATING EXPENSES
A21: Real estate taxes | B21: 25833.333 | C21: 25833.333 | D21: 25833.333 | E21: 25833.333 | F21: 25833.333 | G21: 25833.333 | H21: 25833.333 | I21: 25833.333 | J21: 25833.333 | K21: 25833.333 | L21: 25833.333 | M21: 25833.333 | N21: =SUM(B21:M21) | O21: =IF($B$3>0,N21/$B$3,0) | P21: =IF($N$19<>0,N21/$N$19,0)
A22: Insurance | B22: 7916.6667 | C22: 7916.6667 | D22: 7916.6667 | E22: 7916.6667 | F22: 7916.6667 | G22: 7916.6667 | H22: 7916.6667 | I22: 7916.6667 | J22: 7916.6667 | K22: 7916.6667 | L22: 7916.6667 | M22: 7916.6667 | N22: =SUM(B22:M22) | O22: =IF($B$3>0,N22/$B$3,0) | P22: =IF($N$19<>0,N22/$N$19,0)
A23: Utilities: water and sewer | B23: 6666.6667 | C23: 6666.6667 | D23: 6666.6667 | E23: 6666.6667 | F23: 6666.6667 | G23: 6666.6667 | H23: 6666.6667 | I23: 6666.6667 | J23: 6666.6667 | K23: 6666.6667 | L23: 6666.6667 | M23: 6666.6667 | N23: =SUM(B23:M23) | O23: =IF($B$3>0,N23/$B$3,0) | P23: =IF($N$19<>0,N23/$N$19,0)
A24: Utilities: electric | B24: 4166.6667 | C24: 4166.6667 | D24: 4166.6667 | E24: 4166.6667 | F24: 4166.6667 | G24: 4166.6667 | H24: 4166.6667 | I24: 4166.6667 | J24: 4166.6667 | K24: 4166.6667 | L24: 4166.6667 | M24: 4166.6667 | N24: =SUM(B24:M24) | O24: =IF($B$3>0,N24/$B$3,0) | P24: =IF($N$19<>0,N24/$N$19,0)
A25: Utilities: gas | B25: 1250 | C25: 1250 | D25: 1250 | E25: 1250 | F25: 1250 | G25: 1250 | H25: 1250 | I25: 1250 | J25: 1250 | K25: 1250 | L25: 1250 | M25: 1250 | N25: =SUM(B25:M25) | O25: =IF($B$3>0,N25/$B$3,0) | P25: =IF($N$19<>0,N25/$N$19,0)
A26: Utilities: trash | B26: 1666.6667 | C26: 1666.6667 | D26: 1666.6667 | E26: 1666.6667 | F26: 1666.6667 | G26: 1666.6667 | H26: 1666.6667 | I26: 1666.6667 | J26: 1666.6667 | K26: 1666.6667 | L26: 1666.6667 | M26: 1666.6667 | N26: =SUM(B26:M26) | O26: =IF($B$3>0,N26/$B$3,0) | P26: =IF($N$19<>0,N26/$N$19,0)
A27: Repairs and maintenance | B27: 8833.3333 | C27: 8833.3333 | D27: 8833.3333 | E27: 8833.3333 | F27: 8833.3333 | G27: 30833.333 | H27: 8833.3333 | I27: 8833.3333 | J27: 8833.3333 | K27: 8833.3333 | L27: 8833.3333 | M27: 8833.3333 | N27: =SUM(B27:M27) | O27: =IF($B$3>0,N27/$B$3,0) | P27: =IF($N$19<>0,N27/$N$19,0)
A28: Payroll | B28: 12500 | C28: 12500 | D28: 12500 | E28: 12500 | F28: 12500 | G28: 12500 | H28: 12500 | I28: 12500 | J28: 12500 | K28: 12500 | L28: 12500 | M28: 12500 | N28: =SUM(B28:M28) | O28: =IF($B$3>0,N28/$B$3,0) | P28: =IF($N$19<>0,N28/$N$19,0)
A29: Contract services | B29: 3833.3333 | C29: 3833.3333 | D29: 3833.3333 | E29: 3833.3333 | F29: 3833.3333 | G29: 3833.3333 | H29: 3833.3333 | I29: 3833.3333 | J29: 3833.3333 | K29: 3833.3333 | L29: 3833.3333 | M29: 3833.3333 | N29: =SUM(B29:M29) | O29: =IF($B$3>0,N29/$B$3,0) | P29: =IF($N$19<>0,N29/$N$19,0)
A30: Marketing and leasing | B30: 1500 | C30: 1500 | D30: 1500 | E30: 1500 | F30: 1500 | G30: 1500 | H30: 1500 | I30: 1500 | J30: 1500 | K30: 1500 | L30: 1500 | M30: 1500 | N30: =SUM(B30:M30) | O30: =IF($B$3>0,N30/$B$3,0) | P30: =IF($N$19<>0,N30/$N$19,0)
A31: General and administrative | B31: 2833.3333 | C31: 2833.3333 | D31: 2833.3333 | E31: 2833.3333 | F31: 2833.3333 | G31: 2833.3333 | H31: 2833.3333 | I31: 2833.3333 | J31: 2833.3333 | K31: 2833.3333 | L31: 2833.3333 | M31: 2833.3333 | N31: =SUM(B31:M31) | O31: =IF($B$3>0,N31/$B$3,0) | P31: =IF($N$19<>0,N31/$N$19,0)
A32: Management fee | B32: 5333.3333 | C32: 5333.3333 | D32: 5333.3333 | E32: 5333.3333 | F32: 5333.3333 | G32: 5333.3333 | H32: 5333.3333 | I32: 5333.3333 | J32: 5333.3333 | K32: 5333.3333 | L32: 5333.3333 | M32: 5333.3333 | N32: =SUM(B32:M32) | O32: =IF($B$3>0,N32/$B$3,0) | P32: =IF($N$19<>0,N32/$N$19,0)
A33: Total operating expenses | B33: =SUM(B21:B32) | C33: =SUM(C21:C32) | D33: =SUM(D21:D32) | E33: =SUM(E21:E32) | F33: =SUM(F21:F32) | G33: =SUM(G21:G32) | H33: =SUM(H21:H32) | I33: =SUM(I21:I32) | ... N33: =SUM(N21:N32) | O33: =IF($B$3>0,N33/$B$3,0) | P33: =IF($N$19<>0,N33/$N$19,0)
A34: Net operating income | B34: =B19-B33 | C34: =C19-C33 | D34: =D19-D33 | E34: =E19-E33 | F34: =F19-F33 | G34: =G19-G33 | H34: =H19-H33 | I34: =I19-I33 | ... N34: =N19-N33 | O34: =IF($B$3>0,N34/$B$3,0) | P34: =IF($N$19<>0,N34/$N$19,0)
A35: BELOW THE LINE (excluded from NOI)
A36: Replacement reserves | N36: =SUM(B36:M36) | O36: =IF($B$3>0,N36/$B$3,0) | P36: =IF($N$19<>0,N36/$N$19,0)
A37: Debt service | N37: =SUM(B37:M37) | O37: =IF($B$3>0,N37/$B$3,0) | P37: =IF($N$19<>0,N37/$N$19,0)
A38: Capital expenditures | N38: =SUM(B38:M38) | O38: =IF($B$3>0,N38/$B$3,0) | P38: =IF($N$19<>0,N38/$N$19,0)
A40: Enter vacancy loss, concessions and bad debt as negative numbers. Below-the-line items are shown for completeness and stay out of NOI. Prefilled with the 120-unit example from the guide; overwrite with your deal.

Sheet Normalization
A1: Normalization: broker T12 to underwritten NOI
A2: Strip what the next owner will not pay, add what the lender will insist on. Keep the reason next to every adjustment.
A4: Line item | B4: Broker T12 | C4: Adjustment | D4: Reason | E4: Underwritten
A5: Effective gross income | B5: ='T12'!N19 | C5: 0 | E5: =B5+C5
A6: Repairs and maintenance | B6: ='T12'!N27 | C6: -22000 | D6: One-time roof repair in March; add back | E6: =B6+C6
A7: Management fee | B7: ='T12'!N32 | C7: 0 | D7: Confirm at market rate (2.5% to 4% of EGI) | E7: =B7+C7
A8: Replacement reserves | B8: 0 | C8: 36000 | D8: Lender reserve, $300 per unit | E8: =B8+C8
A9: Real estate taxes | B9: ='T12'!N21 | C9: 80000 | D9: Reassessed at purchase price | E9: =B9+C9
A10: Owner-specific expenses | B10: 0 | C10: 0 | D10: Owner salary, travel, related-party vendors: strip and replace at market | E10: =B10+C10
A11: Below-the-line items moved out of OpEx | B11: 0 | C11: 0 | D11: Debt service, capex, depreciation | E11: =B11+C11
A13: Broker NOI | B13: ='T12'!N34
A14: Total expense adjustments (rows 6 to 11) | C14: =SUM(C6:C11)
A15: Underwritten NOI | E15: =B13-C14
A16: Expense adjustments reduce NOI when positive (more cost) and raise it when negative (cost removed). The example figures are the 120-unit case from the guide; replace them.

Sheet Rent roll tie-out
A1: Rent roll to T12 tie-out
A2: The rent roll is today; the T12 is the last year. A gap of a few percent is normal. Ten percent or more needs an explanation from the broker.
A4: Item | B4: Value | C4: Note
A5: Occupied units (rent roll) | B5: 113
A6: Average in-place monthly rent (rent roll) | B6: 1520
A7: Rent roll in-place rent x 12 | B7: =B5*B6*12
A8: T12 collected rent (GPR less vacancy, concessions, bad debt) | B8: ='T12'!N8+'T12'!N9+'T12'!N10+'T12'!N11
A9: Variance ($) | B9: =B7-B8
A10: Variance (%) | B10: =IF(B8<>0,B9/B8,0)
A11: Physical occupancy (rent roll) | B11: =IF('T12'!B3>0,B5/'T12'!B3,0)
